 Dungeon Crawl Stone Soup version 0.27-a0-13-g87abb2d9eb (webtiles) character file.

Game seed: 5423396703528866158

24 funkygono the Gusty (level 2, -3/20 HPs)
             Began as a Draconian Air Elementalist on Jan 2, 2021.
             Slain by a gnoll (8 damage)
             ... on level 1 of the Dungeon.
             The game lasted 00:01:34 (721 turns).

funkygono the Gusty (Draconian Air Elementalist)     Turns: 721, Time: 00:01:35

Health: -3/20      AC:  6    Str: 10    XL:     2   Next: 79%
Magic:  1/5        EV: 12    Int: 15    God:
Gold:   48         SH:  0    Dex: 11    Spells: 3/6 levels left

rFire    . . .     SeeInvis .   e - +0 dagger
rCold    . . .     Faith    .   (no shield)
rNeg     . . .     Spirit   .   (armour unavailable)
rPois    .         Reflect  .   (helmet restricted)
rElec    .         Harm     .   (no cloak)
rCorr    .         Rampage  .   (no gloves)
Will     .....                  b - +1 pair of boots
Stlth    ++........             (no amulet)
HPRegen  0.06/turn              (no ring)
MPRegen  0.09/turn              (no ring)

@: no status effects
A: unfitting armour, cold-blooded, AC +4
a: no special abilities


You were on level 1 of the Dungeon.
You visited 1 branch of the dungeon, and saw 1 of its levels.

You collected 48 gold pieces.

Inventory:

Hand Weapons
 d - a +0 club
 e - a +0 dagger (weapon)
Armour
 b - a +1 pair of boots (worn)
Scrolls
 a - a scroll of blinking {unknown}
 c - 2 scrolls of teleportation {unknown}
 f - a scroll of remove curse {unknown}


   Skills:
 + Level 0.4 Maces & Flails
 + Level 1.7 Dodging
 + Level 1.7 Stealth
 + Level 2.5 Spellcasting
 + Level 1.2 Conjurations
 + Level 3.4 Air Magic


You had 3 spell levels left.
You knew the following spells:

 Your Spells              Type           Power        Failure   Level
a - Shock                 Conj/Air       32%          9%          1
b - Swiftness             Air            12%          8%          2

Your spell library contained the following spells:

 Spells                   Type           Power        Failure   Level
 Static Discharge         Conj/Air       8%           24%         3
 Airstrike                Air            6%           45%         4
 Lightning Bolt           Conj/Air       4%           92%         5


Dungeon Overview and Level Annotations

Branches:
Dungeon (1/15)

Altars:


Innate Abilities, Weirdness & Mutations

Your plain brown scales are hard. (AC +4)
You cannot fit into any form of body armour.
You are cold-blooded and may be slowed by cold attacks.


Message History

You hit the gnoll.
The gnoll is severely wounded.
The gnoll closely misses you.
You hit the gnoll.
The gnoll is almost dead.
The gnoll hits you!
You see here a bat corpse.
You closely miss the gnoll.
The gnoll is almost dead.
The gnoll hits you.
Your magical contamination has completely faded away.
You hit the gnoll but do no damage.
You tail-slap the gnoll, but do no damage.
The gnoll is almost dead.
The gnoll hits you.
* * * LOW HITPOINT WARNING * * *
You hit the gnoll but do no damage.
The gnoll is almost dead.
The gnoll hits you!
You die...

#. #.......#........ #
#.......#######.. #
#......(#.(...... #.
#.........####... ####.#
#........## #.## ##.....##
##..####.#####.##
#.......###..####........##
K........#..###.(.######...
.........#@###.)#######).##
.........g.#............##
........r##.....#########
.........#.......#
#.......##.......#
.........#.......#
.........##.....##
...#..#..#.......# ..
#?(#..#.....>.#


You could see a gnoll and a rat.

Vanquished Creatures
  5 bats (D:1)
  7 goblins (D:1)
  3 hobgoblins (D:1)
  3 jackals (D:1)
  A kobold (D:1)
  A frilled lizard (D:1)
20 creatures vanquished.

Notes
Turn   | Place    | Note
-------+----------+-------------------------------------------
     0 | D:1      | funkygono the Draconian Air Elementalist began the quest
                  | for the Orb.
     0 | D:1      | Reached XP level 1. HP: 14/14 MP: 3/3
   168 | D:1      | Reached XP level 2. HP: 20/20 MP: 3/5
   171 | D:1      | Learned a level 2 spell: Swiftness
   721 | D:1      | Slain by a gnoll

Illustrated notes

Levels and vault maps discovered:
D:1:      amcnicky_arrival_flooded_fountain, layout_rooms, minmay_tromino_i2

Action                   || total
-------------------------++-------
Melee: Unarmed           ||     2
       Dagger            ||    27
       Club              ||     4
       Tailslap          ||     3
 Cast: Shock             ||    33
Armor: Skin              ||    13
Dodge: Dodged            ||    22

Table legend: (Time is in decaauts)
 A = Elapsed time spent in this place.
 B = Non-inter-level travel time spent in this place.
 C = Inter-level travel time spent in this place.
 D = Time resting spent in this place.
 E = Time spent auto-exploring this place.
 F = Levels seen in this place.
 G = Mean time per level.
                   A        B        C        D        E       F      G
               +--------+--------+--------+--------+--------+-----+--------+
         Total |    721 |    721 |      0 |      0 |    594 |   1 |  721.0 |
       Dungeon |    721 |    721 |      0 |      0 |    594 |   1 |  721.0 |
               +--------+--------+--------+--------+--------+-----+--------+

Top non-repeatable levels by time:
     D:1: 721 daAuts
